 Dungeon Crawl Stone Soup version 0.29.1-12-g30fa7ad0bf (webtiles) character file.

Game seed: 6395003912192788472

21 FaviusArthum the Grave Robber (level 2, 0/15 HPs)
             Began as a Deep Elf Necromancer on Jan 3, 2023.
             Slain by Terence
             ... wielding a +2 flail of venom
              (6 damage)
             ... on level 2 of the Dungeon.
             The game lasted 00:06:52 (1327 turns).

FaviusArthum the Grave Robber (DENe)                Turns: 1327, Time: 00:06:53

Health: 0/15       AC:  2    Str:  5    XL:     2   Next: 65%
Magic:  7/8        EV: 13    Int: 19    God:
Gold:   79         SH:  0    Dex: 15    Spells: 7/8 levels left

rFire   . . .      SeeInvis .   k - +0 whip
rCold   . . .      Faith    .   (no shield)
rNeg    . . .      Spirit   .   a - +0 robe
rPois   .          Reflect  .   (no helmet)
rElec   .          Harm     .   (no cloak)
rCorr   .          Rampage  .   (no gloves)
Will    .....                   (no boots)
Stlth   ++........              (no amulet)
HPRegen 0.05/turn               (no ring)
MPRegen 0.11/turn               (no ring)

@: no status effects
A: no striking features
a: no special abilities


You were on level 2 of the Dungeon.
You visited 1 branch of the dungeon, and saw 2 of its levels.

You collected 79 gold pieces.

Inventory:

Hand Weapons
 g - a +0 club
 k - a +0 whip (weapon)
Missiles
 m - a throwing net
Armour
 a - a +0 robe (worn)
Jewellery
 i - a ring of protection from cold
Scrolls
 c - 4 scrolls of teleportation {unknown}
 e - a scroll of butterflies {unknown}
 h - a scroll of enchant weapon {unknown}
 n - a scroll of brand weapon {unknown}
Potions
 b - a potion of magic
 d - a potion of might {unknown}
 f - a potion of mutation {unknown}
 j - a potion of resistance {unknown}
 l - a potion of lignification {unknown}


   Skills:
 + Level 2.7 Dodging
 + Level 2.5 Stealth
 + Level 3.6 Spellcasting
 + Level 5.3 Necromancy


You had 7 spell levels left.
You knew the following spells:

 Your Spells              Type           Power      Damage    Failure   Level
a - Necrotise             Necr           92%        1d8       1%          1

Your spell library contained the following spells:

 Spells                   Type           Power      Damage    Failure   Level
 Vampiric Draining        Necr           23%        2d7       4%          3
 Animate Dead             Necr           23%        N/A       16%         4
 Agony                    Necr           23%        N/A       41%         5


Dungeon Overview and Level Annotations

Branches:
Dungeon (2/15)

Altars:

Annotations:
D:2 Terence


Message History

You open the door.
There is an open door here.
Magic restored.
You swap places.
There is an open door here.
As you open the door, it creaks loudly!
Your ball python skeleton crumbles into dust!
Found a throwing net.
There is an open door here.
m - a throwing net
Found a stone staircase leading down.
There is a stone staircase leading down here.
There is a stone staircase leading down here.
Found 5 stones.
Found a dagger.
Found a ring mail.
Found a stone staircase leading down.
You open the door.
Found a whip.
There is an open door here.
You open the door.
There is an open door here.
Found a scroll labelled AKHYSI CUIFOO.
n - a scroll labelled AKHYSI CUIFOO Terence the Incautious comes into view.
He is wielding a +2 flail of venom.
Terence barely misses you. Terence screams, "I want your blood!"
Terence attacks as you move away! Terence barely misses you.
Casting: Necrotise (safe; 1% risk of failure)
Confirm with . or Enter, or press ? or * to list all spells.
Aiming: Necrotise (safe; 1% risk of failure)
Press: ? - help, Shift-Dir - straight line, f - Terence
Aim: Terence, wielding a +2 flail of venom and wearing a +0 chain mail (chance to affect: 87%) Terence writhes in agony!
Terence hits you with a +2 flail of venom!
Ouch! That really hurt!
Terence says, "How do you enjoy it?" Terence attacks as you move away!
Terence hits you with a +2 flail of venom.
You die...

#.# #.# #.#
########.# .........#
#..#####.##
#..####...###
............########
#..####...#..[..@@.#
........(#########.#
########)# #.# #.#
##.## ##+## #...# ##
##...## ###.#.### .#
##.....## #...#...#
.#
##.......###.#####..#
.###......)..##...#
...#


You could see Terence.

Vanquished Creatures
  3 ball pythons
  A bat (D:1)
  An endoplasm (D:1)
  A giant cockroach (D:1)
  4 goblins (D:1)
  A hobgoblin (D:1)
  2 kobolds (D:1)
  A quokka (D:1)
  A frilled lizard (D:1)
  2 rats (D:1)
17 creatures vanquished.

Vanquished Creatures (collateral kills)
  A giant cockroach (D:1)
1 creature vanquished.

Grand Total: 18 creatures vanquished

Notes
Turn   | Place    | Note
-------+----------+-------------------------------------------
     0 | D:1      | FaviusArthum the Deep Elf Necromancer began the quest for
                  | the Orb.
     0 | D:1      | Reached XP level 1. HP: 10/10 MP: 6/6
   115 | D:1      | Reached skill level 5 in Necromancy
   518 | D:1      | Reached XP level 2. HP: 15/15 MP: 6/8
   844 | D:1      | Found a faded altar of an unknown god.
  1317 | D:2      | Noticed Terence
  1327 | D:2      | Slain by Terence

Illustrated notes

Levels and vault maps discovered:
D:1:      evilmike_arrival_hilbert_curve, layout_basic, basic_ecumenical_altar,
          chequers_avenue, nicolae_titane
D:2:      layout_loops_corners, serial_shops, nicolae_shop_advertising_works
          [nicolae_subvault_shop_adworks], minmay_misc_feat_rows, uniq_terence

Skill      XL: |  1 |
---------------+----+-----
Necromancy     | 5 |  5.3
Dodging        | |  2.7
Stealth        | |  2.5
Spellcasting   | |  3.6

Action                   || total
-------------------------++-------
 Cast: Necrotise         ||    27
Armor: Robe              ||     1
Dodge: Dodged            ||     5
